 Dungeon Crawl Stone Soup version 0.25-a0-1024-gbfbf38f (webtiles) character file.

Game seed: 18113947775816407360, levelgen mode: deterministic

109 Anno the Skirmisher (level 4, 0/37 HPs)
             Began as a Mummy Monk on May 13, 2020.
             Slain by an orc wizard
             ... wielding a +0 dagger
              (4 damage)
             ... on level 3 of the Dungeon.
             The game lasted 00:07:18 (3675 turns).

Anno the Skirmisher (Mummy Monk)                    Turns: 3675, Time: 00:07:19

Health: 0/37       AC:  0    Str: 14    XL:     4   Next: 60%
Magic:  4/4        EV: 13    Int:  9    God:
Gold:   103        SH:  0    Dex: 15    Spells: 3/3 levels left

rFire    x . .     SeeInvis .     - Unarmed
rCold    + . .     Gourm    .   (no shield)
rNeg     + + +     Faith    .   (no armour)
rPois    ∞         Spirit   .   (no helmet)
rElec    .         Reflect  .   (no cloak)
rCorr    .         Harm     .   (no gloves)
MR       .....                  (no boots)
Stlth    ++........             (no amulet)
HPRegen  0.12/turn              (no ring)
MPRegen  0.09/turn              (no ring)

@: no status effects
A: no food or potions, fire vulnerability, cold resistance 1, negative energy
resistance 3, torment resistance, unbreathing
a: no special abilities


You were on level 3 of the Dungeon.
You were not hungry.

You visited 1 branch of the dungeon, and saw 3 of its levels.

You collected 103 gold pieces.

Inventory:

Jewellery
 g - an uncursed amulet of the gourmand {unknown}
Scrolls
 a - 2 scrolls of fog {unknown}
 b - a scroll of magic mapping {unknown}
 d - a scroll of noise {unknown}
 e - a scroll of identify {unknown}
 f - a scroll of remove curse {unknown}
 h - a scroll of enchant weapon {unknown}
Comestibles
 c - a ration


   Skills:
 + Level 4.0 Fighting
 + Level 2.9 Dodging
 + Level 2.1 Stealth
 + Level 3.2 Unarmed Combat


You had 3 spell levels left.
You didn't know any spells.
Your spell library was empty.

Dungeon Overview and Level Annotations

Branches:
Dungeon (3/15)

Altars:


Innate Abilities, Weirdness & Mutations

You do not eat or drink.
Your flesh is vulnerable to fire.
You are immune to poison.
Your flesh is cold resistant. (rC+)
You are immune to negative energy. (rN+++)
You are immune to unholy pain and torment.
You can survive without breathing.


Message History

The orc wizard is severely wounded.
You hit the orc wizard but do no damage.
The orc wizard is severely wounded.
The orc wizard hits you with a +0 dagger.
You miss the orc wizard.
The orc wizard is severely wounded.
The orc wizard hits you with a +0 dagger.
You hit the orc wizard but do no damage.
The orc wizard is severely wounded.
The orc wizard mumbles some strange words.
The orc wizard flickers and vanishes!
Deactivating autopickup; reactivate with Ctrl-A.
You miss something. Your punch misses something. Something hits you.
* * * LOW HITPOINT WARNING * * *
You closely miss something. Something hits you.
* * * LOW HITPOINT WARNING * * *
You barely miss something. Something hits you.
* * * LOW HITPOINT WARNING * * *
You hit something but do no damage. Something hits you.
You die...

####### #.#.#.# #.#....
#.#.#.# #<#.#.# #@#.#.#
#.{...# #.#.#.###
###.#.#.. ## o..
..#.#.#.#
#.........####.#.#.#.#
###.#............#.#.#.#
#........##..#...#.#...#
#.#.#.##.##........#o..#


There were no monsters in sight!

Vanquished Creatures
  5 adders
  An ooze (D:2)
  A dart slug (D:1)
  An orc (D:3)
  5 bats
  3 giant cockroaches
  7 goblins
  8 hobgoblins
  2 jackals (D:3)
  2 quokkas
  3 ball pythons
  3 frilled lizards
  7 kobolds
  10 rats
58 creatures vanquished.

Notes
Turn   | Place    | Note
-------+----------+-------------------------------------------
     0 | D:1      | Anno the Mummy Monk began the quest for the Orb.
     0 | D:1      | Reached XP level 1. HP: 18/18 MP: 1/1
   201 | D:1      | Reached XP level 2. HP: 24/24 MP: 2/2
  1113 | D:2      | Reached XP level 3. HP: 28/29 MP: 3/3
  2125 | D:2      | Reached skill level 4 in Fighting
  2136 | D:2      | Reached XP level 4. HP: 10/37 MP: 4/4
  3675 | D:3      | Slain by an orc wizard

Illustrated notes

Levels and vault maps discovered:
D:1:      grunt_arrival_crossed_arrows, layout_loops_ring
D:2:      layout_loops_cross
D:3:      layout_basic, minitemple, item_on_display_a

Skill      XL: |  1  2  3 |
---------------+----------+-----
Fighting       | 4 |  4.0
Stealth        | 2 |  2.1
Unarmed Combat | 3 |  3.2
Dodging        | |  2.9

Action                   |  1- 3 |  4- 6 || total
-------------------------+-------+-------++-------
Melee: Unarmed           |   137 |    98 ||   235
       Punch             |     1 |     2 ||     3
 Stab: Sleeping          |     4 |     2 ||     6
       Distracted        |     1 |       ||     1
Dodge: Dodged            |    69 |    60 ||   129

Table legend:
 A = Non-vault XP
 B = Vault XP
 C = Vault XP percentage of total XP
 D = Non-vault monster count
 E = Vault monster count
 F = Vault count percentage of total count
                 A         B        C        D         E       F
            +---------+---------+-------+---------+---------+-------
      Total |     157 |       0 |   0.0 |      58 |       0 |   0.0
            +---------+---------+-------+---------+---------+-------
        D:1 |      40 |       0 |   0.0 |      25 |       0 |   0.0
        D:2 |      79 |       0 |   0.0 |      18 |       0 |   0.0
        D:3 |      38 |       0 |   0.0 |      15 |       0 |   0.0
            +---------+---------+-------+---------+---------+-------
